 Dungeon Crawl Stone Soup version 0.30.0-18-gc0e69614cb (webtiles) character file.

Game seed: 1213228303866233104

56 KittyFluff the Cudgeller (level 3, -4/24 HPs)
             Began as a Gargoyle Berserker on May 24, 2023.
             Was a Believer of Trog.
             Slain by an iguana (11 damage)
             ... on level 3 of the Dungeon.
             The game lasted 00:05:16 (1327 turns).

KittyFluff the Cudgeller (Gargoyle Berserker)       Turns: 1327, Time: 00:05:16

Health: -4/24      AC:  7    Str: 20    XL:     3   Next: 97%
Magic:  3/3        EV: 10    Int:  7    God:    Trog [**....]
Gold:   147        SH:  6    Dex: 11    Spells: 2/2 levels left

rFire   . . .        a - +0 mace
rCold   . . .        d - +0 kite shield
rNeg    + . .        b - +0 animal skin
rPois   ∞            f - +0 helmet
rElec   +            (no cloak)
rCorr   .            j - +0 pair of gloves
SInv    .            (no boots)
Will    +....        (no amulet)
Stlth   +            l - ring of willpower
HPRegen 0.24/turn    (no ring)
MPRegen 0.08/turn

%: no passive effects
@: no status effects
A: sickness immunity, AC +3, negative energy resistance 1, electricity
resistance, torment resistance 1, petrification resistance
a: Renounce Religion, Berserk, Trog's Hand


You were on level 3 of the Dungeon.
You worshipped Trog.
Trog was pleased with you.
You visited 1 branch of the dungeon, and saw 3 of its levels.

You collected 147 gold pieces.

Inventory:

Hand Weapons
 a - a +0 mace (weapon)
Missiles
 e - 9 poisoned darts (quivered)
Armour
 b - a +0 animal skin (worn)
 d - a +0 kite shield (worn)
 f - a +0 helmet (worn)
 j - a +0 pair of gloves (worn)
Jewellery
 l - a ring of willpower (left hand)
Scrolls
 g - a scroll of fog {unknown}
 k - a scroll of fear {unknown}
 o - a scroll of teleportation {unknown}
 p - a scroll of identify {unknown}
Potions
 c - a potion of curing {unknown}
 h - a potion of flight {unknown}
 i - 2 potions of attraction {unknown}
 m - a potion of brilliance {unknown}
 n - 2 potions of heal wounds {unknown}


   Skills:
 + Level 3.7 Fighting
 * Level 4.1 Maces & Flails
 + Level 2.2 Armour
 + Level 2.0 Dodging
 + Level 0.1 Stealth


You had 2 spell levels left.
You didn't know any spells.
Your spell library was empty.

Dungeon Overview and Level Annotations

Branches:
Dungeon (3/15)

Altars:
Cheibriados


Innate Abilities, Weirdness & Mutations

You are immune to sickness and miasma.
Your stone body is resilient. (AC +3)
You are immune to poison.
You resist negative energy. (rN+)
You are resistant to electric shocks. (rElec)
You are resistant to unholy torment.
You are immune to petrification.


Message History

An endoplasm comes into view.
Found a scroll labelled KAIKLU ETHIHI.
The endoplasm quivers.
You barely miss the endoplasm. The endoplasm freezes you.
You are frozen.
The endoplasm freezes you.
You are frozen.
You hit the endoplasm but do no damage.
The endoplasm hits you but does no damage.
You hit the endoplasm but do no damage. You block the endoplasm's attack.
You thump the endoplasm!
You kill the endoplasm!
Trog accepts your kill.
You start resting.
HP restored.
An iguana comes into view.
You see here a scroll labelled KAIKLU ETHIHI.
p - a scroll labelled KAIKLU ETHIHI The iguana hisses angrily.
The iguana bites you.
You hit the iguana but do no damage.
The iguana hisses menacingly.
You block the iguana's attack.
You hit the iguana but do no damage. The iguana bites you!
You sock the iguana!
The iguana is heavily wounded.
You block the iguana's attack. x2
You hit the iguana but do no damage.
The iguana is moderately wounded.
The iguana bites you!
* * * LOW HITPOINT WARNING * * *
You hit the iguana but do no damage.
The iguana is moderately wounded.
The iguana misses you.
You hit the iguana.
The iguana is heavily wounded.
The iguana bites you but does no damage.
The iguana bites you!
You die...

##########
#........#
#........#
#........#
#........#
#........#
#........#
#........#
###@#.#####
#.l#.#...#
#.##.#...#
.. #.#...#
#.# #.#...#
#. #.#...#
#. #....##
#. ##.##.#
#..##.#


You could see an iguana.

Vanquished Creatures
  A worm (D:2)
  A dart slug (D:2)
  A ball python (D:2)
  3 bats
  5 endoplasms
  2 giant cockroaches (D:1)
  3 hobgoblins
  8 jackals
  3 kobolds
  2 quokkas
  2 frilled lizards (D:1)
  7 goblins
  6 rats
44 creatures vanquished.

Notes
Turn   | Place    | Note
-------+----------+-------------------------------------------
     0 | D:1      | KittyFluff the Gargoyle Berserker began the quest for the
                  | Orb.
     0 | D:1      | Reached XP level 1. HP: 14/14 MP: 1/1
    48 | D:1      | Reached XP level 2. HP: 19/19 MP: 2/2
   564 | D:1      | Reached XP level 3. HP: 19/23 MP: 3/3
   613 | D:2      | Reached ** piety under Trog
   746 | D:2      | Found a snail-covered altar of Cheibriados.
   924 | D:2      | Reached skill level 4 in Maces & Flails
  1327 | D:3      | Slain by an iguana

Illustrated notes

Levels and vault maps discovered:
D:1:      lightli_arrival_noodles, layout_basic
D:2:      layout_rooms, basic_altar, lightli_corner_chamber, uniq_robin
D:3:      layout_rooms

Skill      XL: |  1  2  3 |
---------------+----------+-----
Maces & Flails | 4 |  4.1
Dodging        | 2 |  2.0
Fighting       | |  3.7
Armour         | |  2.2
Stealth        | |  0.1

Action                     || total
---------------------------++-------
  Melee: Mace              ||   133
   Stab: Sleeping          ||     1
 Armour: Animal skin       ||    47
  Dodge: Dodged            ||    69
  Block: Kite shield       ||    37
